 Dungeon Crawl Stone Soup version 0.29-a0-330-g52719c12eb (webtiles) character file.

Game seed: 17674482759461220784

48 kae the Firebug (level 3, -8/26 HPs)
             Began as a Demigod Fire Elementalist on Apr 19, 2022.
             Mangled by Terence
             ... wielding a +0 hand axe
              (9 damage)
             ... on level 2 of the Dungeon.
             The game lasted 00:01:10 (1940 turns).

kae the Firebug (Demigod Fire Elementalist)         Turns: 1940, Time: 00:01:11

Health: -8/26      AC:  2    Str:  9    XL:     3   Next: 30%
Magic:  8/8        EV: 12    Int: 21    God:
Gold:   32         SH:  0    Dex: 14    Spells: 0/6 levels left

rFire   . . .      SeeInvis .   c - +1 falchion
rCold   . . .      Faith    .   (no shield)
rNeg    . . .      Spirit   .   a - +0 robe
rPois   .          Reflect  .   (no helmet)
rElec   .          Harm     .   (no cloak)
rCorr   .          Rampage  .   (no gloves)
Will    .....                   (no boots)
Stlth   ++........              (no amulet)
HPRegen 0.08/turn               (no ring)
MPRegen 0.11/turn               (no ring)

@: mighty
A: high MP 1, forlorn, divine attributes
a: no special abilities


You were on level 2 of the Dungeon.
You visited 1 branch of the dungeon, and saw 2 of its levels.

You collected 109 gold pieces.
You spent 77 gold pieces at shops.

Inventory:

Hand Weapons
 c - a +1 falchion (weapon)
Armour
 a - a +0 robe (worn)
Jewellery
 f - a ring of flight
Wands
 h - a wand of flame (24)
Scrolls
 d - a scroll of teleportation
 l - a scroll of immolation {unknown}
Potions
 b - a potion of magic
 e - 2 potions of attraction {unknown}
 g - a potion of brilliance {unknown}
 i - 2 potions of cancellation {unknown}


   Skills:
 - Level 1.7 Dodging
 - Level 1.7 Stealth
 + Level 2.2 Spellcasting
 + Level 1.6 Conjurations
 * Level 3.5 Fire Magic


You couldn't memorise any spells.
You knew the following spells:

 Your Spells              Type           Power      Damage    Failure   Level
a - Foxfire               Conj/Fire      52%        2x1d6     4%          1
b - Scorch                Fire           34%        2d7       4%          2
c - Conjure Flame         Conj/Fire      13%        6-21      16%         3

Your spell library contained the following spells:

 Spells                   Type           Power      Damage    Failure   Level
 Inner Flame              Hex/Fire       9%         N/A       22%         3
 Flame Wave               Conj/Fire      13%        2d6       45%         4
 Summon Cactus Giant      Summ           1%         N/A       100%        6


Dungeon Overview and Level Annotations

Branches:
Dungeon (2/15)

Shops:
D:2 !

Annotations:
D:2 Terence


Innate Abilities, Weirdness & Mutations

You have an increased reservoir of magic. (+10% MP)
You shall have no god before yourself.
Your divine heritage dramatically boosts your attributes as you level up.


Message History

Casting: Foxfire (safe; 4% risk of failure)
Confirm with . or Enter, or press ? or * to list all spells.
You conjure some foxfire!
The bat barely misses you.
You barely miss the bat. The bat misses you.
The bat hits you but does no damage.
You barely miss the bat. The bat hits you but does no damage. x2
The bat closely misses you.
A bat is nearby!
You slash the bat!
You kill the bat!
No target in view!
Your foxfire dissipates!
You see here a bat corpse.
Found a stone staircase leading down.
No target in view!
No target in view!
Terence the Incautious comes into view.
He is wielding a +0 hand axe.
A worm comes into view.
Terence screams, "I'm going to kill you!"
Terence hits you with a +0 hand axe.
There are monsters nearby!
There are monsters nearby!
Casting: Foxfire (safe; 4% risk of failure)
Confirm with . or Enter, or press ? or * to list all spells.
You conjure some foxfire!
Terence barely misses you. Terence barely misses you.
Your foxfire dissipates!
You feel better. Terence hits you with a +0 hand axe.
You feel very mighty all of a sudden. Terence hits you with a +0 hand axe!
You completely miss Terence. Terence hits you with a +0 hand axe. x2
You slash Terence!
Terence is heavily wounded.
Terence hits you with a +0 hand axe!
* * * LOW HITPOINT WARNING * * *
You hit Terence.
Terence is severely wounded.
Terence hits you with a +0 hand axe!
You die...

#w#
#.#
#.#
#.#
#.#
#.#
#.#
#@#
###@#
#..>#
#.###
#.# #
#.# #
#.# #
#.# #
#.# #
#.# #


You could see Terence.

Vanquished Creatures
  2 ball pythons
  4 bats
  7 endoplasms
  6 goblins
  8 hobgoblins
  2 quokkas (D:1)
  A frilled lizard (D:1)
  4 kobolds (D:1)
  10 rats
44 creatures vanquished.

Vanquished Creatures (others)
  107 foxfires
  3 fungi (D:1)
  A plant (D:1)
111 creatures vanquished.

Grand Total: 155 creatures vanquished

Notes
Turn   | Place    | Note
-------+----------+-------------------------------------------
     0 | D:1      | kae the Demigod Fire Elementalist began the quest for the
                  | Orb.
     0 | D:1      | Reached XP level 1. HP: 14/14 MP: 5/5
    33 | D:1      | Reached skill level 1 in Conjurations
   195 | D:1      | Reached skill level 3 in Fire Magic
   366 | D:1      | Reached XP level 2. HP: 20/20 MP: 5/7
   369 | D:1      | Learned a level 2 spell: Scorch
  1174 | D:1      | Reached XP level 3. HP: 13/26 MP: 8/8
  1708 | D:2      | Found Ytiteuj's Distillery.
  1715 | D:2      | Learned a level 3 spell: Conjure Flame
  1722 | D:2      | Bought a potion of curing for 33 gold pieces
  1722 | D:2      | Bought a potion of might for 44 gold pieces
  1930 | D:2      | Noticed Terence
  1939 | D:2      | HP: 1/26 [Terence/+0 hand axe (8)]
  1940 | D:2      | Mangled by Terence

Illustrated notes

Levels and vault maps discovered:
D:1:      psy_arrival_basics, layout_basic,
          dreamdust_ecumenical_altar_hidden_monk_grotto, minmay_hexomino_p4
D:2:      layout_loops_ring, serial_shops, shop, uniq_terence

Skill      XL: |  1  2 |
---------------+-------+-----
Conjurations   | 1 |  1.6
Fire Magic     | 3 |  3.5
Spellcasting   | 2 |  2.2
Dodging        | |  1.7
Stealth        | |  1.7

Action                   || total
-------------------------++-------
Melee: Falchion          ||    39
 Cast: Foxfire           ||    68
  Use: Scroll            ||     6
       Potion            ||     2
 Stab: Sleeping          ||     2
Armor: Robe              ||     9
Dodge: Dodged            ||    43

Table legend: (Time is in decaauts)
 A = Elapsed time spent in this place.
 B = Non-inter-level travel time spent in this place.
 C = Inter-level travel time spent in this place.
 D = Time resting spent in this place.
 E = Time spent auto-exploring this place.
 F = Levels seen in this place.
 G = Mean time per level.
                   A        B        C        D        E       F      G
               +--------+--------+--------+--------+--------+-----+--------+
         Total |   1950 |   1941 |      9 |     47 |   1574 |   2 |  975.0 |
       Dungeon |   1950 |   1941 |      9 |     47 |   1574 |   2 |  975.0 |
               +--------+--------+--------+--------+--------+-----+--------+

Top non-repeatable levels by time:
     D:1: 1557 daAuts
     D:2: 393 daAuts
